 Dungeon Crawl Stone Soup version 0.23-a0-814-g91b4073 (webtiles) character file.

18 MalarOregon the Chiller (level 2, -2/21 HPs)
             Began as a Merfolk Ice Elementalist on Jan 21, 2019.
             Slain by a gnoll
             ... wielding a +0 spear
              (8 damage)
             ... on level 1 of the Dungeon.
             The game lasted 00:02:49 (987 turns).

MalarOregon the Chiller (Merfolk Ice Elementalist)   Turns: 987, Time: 00:02:50

Health: -2/21      AC:  2    Str:  8    XL:     2   Next: 66%
Magic:  2/5        EV: 13    Int: 14    God:
Gold:   62         SH:  0    Dex: 14    Spells: 4/5 levels left

rFire    . . .     SeeInvis .   b - +0 club
rCold    . . .     Gourm    .   (no shield)
rNeg     . . .     Faith    .   a - +0 robe
rPois    .         Spirit   .   (no helmet)
rElec    .         Reflect  .   (no cloak)
rCorr    .         Harm     .   (no gloves)
MR       .....                  (no boots)
Stlth    ++........             (no amulet)
HPRegen  0.07/turn              d - ring of flight
MPRegen  0.09/turn              (no ring)

@: no status effects
A: change form in water, swift swim, stealthy swim
a: Evoke Flight


You were on level 1 of the Dungeon.
You were not hungry.

You visited 1 branch of the dungeon, and saw 1 of its levels.

You collected 62 gold pieces.

Inventory:

Hand Weapons
 b - a +0 club (weapon)
   (You took it off a kobold on level 1 of the Dungeon)
Armour
 a - a +0 robe (worn)
Jewellery
 d - a ring of flight (left hand)
   (You found it on level 1 of the Dungeon)
Scrolls
 g - a scroll of noise {unknown}
 h - a scroll of remove curse {unknown}
 i - a scroll of magic mapping {unknown}
 j - a scroll of blinking {unknown}
Potions
 c - a potion of agility {unknown}
 f - a potion of degeneration {unknown}
Comestibles
 e - 3 rations {!d}


   Skills:
 + Level 1.1 Fighting
 + Level 3.1 Dodging
 - Level 2.1 Stealth
 + Level 2.2 Spellcasting
   Level 0.7 Conjurations
 + Level 3.5 Ice Magic


You had 4 spell levels left.
You knew the following spells:

 Your Spells              Type           Power        Failure   Level  Hunger
a - Freeze                Ice            ##..         5%          1    #......

Your spell library contained the following spells:

 Spells                   Type           Power        Failure   Level  Hunger
 Throw Frost              Conj/Ice       #.....       14%         2    ###....
 Ozocubu's Armour         Chrm/Ice       #.......     32%         3    ###....
 Throw Icicle             Conj/Ice       #.......     67%         4    #####..
 Summon Ice Beast         Ice/Summ       #.......     73%         4    #####..


Dungeon Overview and Level Annotations

Branches:
Dungeon (1/15)

Altars:


Message History

Found a scroll labeled RIFUUPRARAKH.
The frilled lizard hisses angrily.
The rat barely misses you.
You barely miss the rat.
You are feeling hungry.
The rat bites you.
Aim: a frilled lizard You freeze the frilled lizard.
You kill the frilled lizard!
Your Fighting skill increases to level 1!
The rat closely misses you.
Aim: a rat You freeze the rat.
You kill the rat!
You butcher the frilled lizard corpse.
j - a chunk of flesh You see here a frilled lizard skeleton. x2
Eating a chunk of flesh.
You eat the chunk of flesh.
j - a scroll labeled RIFUUPRARAKH A leopard gecko comes into view.
A leopard gecko is nearby!
A leopard gecko is nearby!
Aim: a leopard gecko (clinging, resting)
You freeze the leopard gecko.
The leopard gecko hisses angrily.
The leopard gecko seems to slow down.
The leopard gecko bites you but does no damage.
Aim: a leopard gecko (almost dead, slow, clinging)
You freeze the leopard gecko.
You kill the leopard gecko!
A goblin comes into view. It is wielding a +0 dagger.
A goblin is nearby!
A gnoll comes into view. It is wielding a +0 spear.
Aim: a goblin, wielding a +0 dagger (resting)
You freeze the goblin.
The goblin shouts!
The gnoll shouts!
The goblin hits you with a +0 dagger.
Aim: a goblin, wielding a +0 dagger (severely wounded)
You freeze the goblin.
You kill the goblin!
Things that are here:
a +0 dagger; a goblin corpse The gnoll hits you from afar with a +0 spear.
The gnoll hits you with a +0 spear.
* * * LOW HITPOINT WARNING * * *
Aim: a gnoll, wielding a +0 spear You freeze the gnoll.
The gnoll hits you with a +0 spear.
* * * LOW HITPOINT WARNING * * *
The gnoll hits you from afar with a +0 spear!
You die...

#.####### ##.#
#.......###..#
###########.......
#..... ..#.#.....
#.##..###.#.#....รท
#.#.....#.#.##...#
#g#...#.#..(.#...#
#.#...#......##.##
#@#...#..##...#.#.
#)#.......#...###.
#.#####.###....#..
#..............#..
############.#....
#......+....
#.######....
#.##########
#.##...#####


You could see a gnoll.

Vanquished Creatures
  A leopard gecko (D:1)
  3 goblins (D:1)
  3 hobgoblins (D:1)
  3 bats (D:1)
  4 frilled lizards (D:1)
  2 kobolds (D:1)
  2 rats (D:1)
18 creatures vanquished.

Notes
Turn   | Place    | Note
-------+----------+-------------------------------------------
     0 | D:1      | MalarOregon the Merfolk Ice Elementalist began the quest
                  | for the Orb.
     0 | D:1      | Reached XP level 1. HP: 13/13 MP: 3/3
   341 | D:1      | Reached XP level 2. HP: 4/20 MP: 0/5
   924 | D:1      | Reached skill level 1 in Fighting
   987 | D:1      | Slain by a gnoll

Vault maps used:
D:1:      minmay_arrival_up_and_down, minmay_unequal

Skill      XL: |  1  2 |
---------------+-------+-----
Dodging        | 3 |  3.1
Fighting       | 1 |  1.1
Stealth        | |  2.1
Spellcasting   | |  2.2
Conjurations   | |  0.7
Ice Magic      | |  3.5

Action                   || total
-------------------------++-------
Melee: Club              ||    16
       Unarmed           ||     5
 Cast: Freeze            ||    32
 Stab: Sleeping          ||     2
  Eat: Chunk             ||     1
Armor: Robe              ||    22
Dodge: Dodged            ||    75

Table legend:
 A = Non-vault XP
 B = Vault XP
 C = Vault XP percentage of total XP
 D = Non-vault monster count
 E = Vault monster count
 F = Vault count percentage of total count
                 A         B        C        D         E       F
            +---------+---------+-------+---------+---------+-------
      Total |      24 |       2 |   7.7 |      16 |       2 |  11.1
            +---------+---------+-------+---------+---------+-------
        D:1 |      24 |       2 |   7.7 |      16 |       2 |  11.1
            +---------+---------+-------+---------+---------+-------
